 Dungeon Crawl Stone Soup version 0.29.0 (webtiles) character file.

Game seed: 10181196153466941921

529 lyrin the Cutter (level 7, -5/52 HPs)
             Began as a Demonspawn Brigand on Sept 6, 2022.
             Slain by an iguana (9 damage)
             ... on level 4 of the Dungeon.
             The game lasted 00:04:57 (3651 turns).

lyrin the Cutter (Demonspawn Brigand)               Turns: 3651, Time: 00:04:57

Health: -5/52      AC:  6    Str: 11    XL:     7   Next: 3%
Magic:  16/16      EV: 13    Int: 13    God:
Gold:   224        SH:  7    Dex: 22    Spells: 6/6 levels left

rFire   . . .      SeeInvis .   a - +2 dagger
rCold   . . .      Faith    .   t - +2 buckler
rNeg    . . .      Spirit   .   b - +0 robe
rPois   .          Reflect  .   (helmet unavailable)
rElec   .          Harm     .   c - +0 cloak
rCorr   .          Rampage  .   f - +0 pair of gloves
Will    .....                   (no boots)
Stlth   +++.......              (no amulet)
HPRegen 0.17/turn               g - ring of magical power
MPRegen 0.15/turn               r - +6 ring of dexterity

@: no status effects
A: horns 3, yellow scales 1, condensation shield
a: no special abilities


You were on level 4 of the Dungeon.
You visited 1 branch of the dungeon, and saw 4 of its levels.

You collected 224 gold pieces.

Inventory:

Hand Weapons
 a - a +2 dagger (weapon)
Missiles
 d - 9 poisoned darts (quivered)
 e - 3 curare-tipped darts
 i - 3 silver javelins
Armour
 b - a +0 robe (worn)
 c - a +0 cloak (worn)
 f - a +0 pair of gloves (worn)
 t - a +2 buckler (worn)
Jewellery
 g - a ring of magical power (left hand)
 h - a +6 ring of intelligence
 r - a +6 ring of dexterity (right hand)
Wands
 s - a wand of flame (18)
Scrolls
 j - a scroll of noise {unknown}
 k - 2 scrolls of vulnerability {unknown}
 l - 2 scrolls of poison {unknown}
 p - a scroll of summoning {unknown}
 q - 2 scrolls of identify {unknown}
 u - a scroll of fear {unknown}
 v - a scroll of enchant armour {unknown}
Potions
 m - a potion of heal wounds {unknown}
 o - a potion of haste {unknown}


   Skills:
 + Level 3.5 Fighting
 + Level 4.8 Short Blades
 - Level 1.7 Throwing
 + Level 3.1 Dodging
 - Level 3.6 Stealth
 + Level 2.5 Shields


You had 6 spell levels left.
You didn't know any spells.
Your spell library contained the following spells:

 Spells                   Type           Power      Damage    Failure   Level
 Slow                     Hex            0%         N/A       38%         1
 Sting                    Tmut/Pois      0%         1d3       38%         1
 Ensorcelled Hibernation  Hex/Ice        0%         N/A       52%         2
 Passwall                 Tmut/Erth      0%         N/A       52%         2
 Poisonous Vapours        Pois/Air       0%         N/A       52%         2
 Confusing Touch          Hex            0%         N/A       77%         3
 Frozen Ramparts          Ice            0%         1d1       77%         3
 Swiftness                Air            0%         N/A       77%         3
 Vampiric Draining        Necr           0%         2d6       77%         3
 Ice Form                 Ice/Tmut       0%         N/A       99%         4
 Olgreb's Toxic Radiance  Pois           0%         N/A       99%         4
 Summon Ice Beast         Ice/Summ       0%         N/A       99%         4


Dungeon Overview and Level Annotations

Branches:
Dungeon (4/15)
 Temple: D:4-7

Altars:
Trog
Xom

Shops:
D:2 =


Innate Abilities, Weirdness & Mutations

You have a pair of large horns on your head.
You are partially covered in yellow scales. (AC +2)
A meltable shield of frost defends you. (SH +0)


Message History

You kill the orc!
Something hits you but does no damage.
Aiming: Throw Flame
Press: ? - help, Shift-Dir - straight line, f - iguana
Aim: an iguana (72% to hit)
The puff of flame hits something.
You block something's attack.
Unknown command.
Aiming: Throw Flame
Press: ? - help, Shift-Dir - straight line, f/p - iguana
Aim: an iguana (72% to hit)
The puff of flame hits something.
Reactivating autopickup.
You feel a bit more experienced.
You have reached level 7!
You don't have any such object.
Evoke which item? (* to show all) (? for menu, Esc to quit)
Okay, then.
You don't have any such object.
Evoke which item? (* to show all) (? for menu, Esc to quit)
Okay, then.
Aiming: Throw Flame
Press: ? - help, Shift-Dir - straight line, f/p - iguana
Aim: an iguana (72% to hit)
The puff of flame hits the iguana but does no damage.
The iguana bites you.
* * * LOW HITPOINT WARNING * * *
Unknown command.
You feel better. The iguana closely misses you.
Aiming: Throw Flame
Press: ? - help, Shift-Dir - straight line, f/p - iguana
Aim: an iguana (72% to hit)
The puff of flame hits the iguana.
The iguana is lightly wounded.
The iguana bites you.
* * * LOW HITPOINT WARNING * * *
Aiming: Throw Flame
Press: ? - help, Shift-Dir - straight line, f/p - iguana
Aim: an iguana (lightly wounded, 72% to hit)
The puff of flame misses the iguana.
The iguana bites you!
You die...

#...#######.##.##.####
#.......<.#.##.##.#
###....####.#.......#
.............###.#####..
........................
.........<...###..####..
#.....).....###.)#
#....#l####.#....# #...
#@# #.#.#.)# #.. #.#
#.#.#..# ..O #.#
#......###### ## ..#
#.#.#.#...... ###
#.......##### #########


You could see an iguana.

Vanquished Creatures
  A black bear (D:4)
  An ogre (D:4)
  A scorpion (D:4)
  4 crimson imps (D:3)
  A hound (D:4)
  An orc wizard (D:4)
  An adder (D:3)
  An ufetubus (D:4)
  3 dart slugs
  4 orcs
  5 ball pythons
  3 endoplasms
  3 giant cockroaches (D:1)
  9 hobgoblins
  8 jackals (D:2)
  7 kobolds
  7 quokkas
  8 bats
  4 frilled lizards
  8 goblins
  3 rats
83 creatures vanquished.

Notes
Turn   | Place    | Note
-------+----------+-------------------------------------------
     0 | D:1      | lyrin the Demonspawn Brigand began the quest for the Orb.
     0 | D:1      | Reached XP level 1. HP: 16/16 MP: 1/1
   321 | D:1      | Reached skill level 2 in Short Blades
   321 | D:1      | Reached skill level 1 in Dodging
   409 | D:1      | Gained mutation: You have a pair of small horns on your
                  | head. [demonic ancestry]
   409 | D:1      | Reached XP level 2. HP: 22/22 MP: 2/2
  1348 | D:1      | Gained mutation: A meltable shield of frost defends you.
                  | (SH +0) [demonic ancestry]
  1348 | D:1      | Reached XP level 3. HP: 28/28 MP: 3/3
  1647 | D:2      | Reached skill level 3 in Short Blades
  1746 | D:2      | Found Ganeut's Jewellery Shoppe.
  2259 | D:2      | Found a bloodstained altar of Trog.
  2277 | D:2      | Gained mutation: You have a pair of horns on your head.
                  | [demonic ancestry]
  2277 | D:2      | Reached XP level 4. HP: 30/34 MP: 4/4
  3002 | D:3      | Found a shimmering altar of Xom.
  3179 | D:3      | Gained mutation: You are partially covered in yellow
                  | scales. (AC +2) [demonic ancestry]
  3179 | D:3      | Reached XP level 5. HP: 34/40 MP: 5/5
  3192 | D:3      | Reached skill level 4 in Short Blades
  3192 | D:3      | Reached skill level 1 in Shields
  3444 | D:4      | Gained mutation: You have a pair of large horns on your
                  | head. [demonic ancestry]
  3444 | D:4      | Reached XP level 6. HP: 47/47 MP: 6/6
  3648 | D:4      | Reached XP level 7. HP: 7/52 MP: 7/7
  3648 | D:4      | HP: 1/52 [iguana (6)]
  3651 | D:4      | Slain by an iguana

Illustrated notes

Levels and vault maps discovered:
D:1:      dpeg_arrival_tiny_a, layout_basic, roderic_serpentine_path,
          minivault_19
D:2:      layout_loops_ring, basic_altar, serial_shops,
          nicolae_shop_window_shopping, grunt_decor_fettered, minmay_circled_x
D:3:      layout_loops_cross, led_xom_imps
D:4:      layout_loops_cross, serial_shops,
          nicolae_shop_competitors_out_of_business

Skill      XL: |  1  2  3  4  5  6 |
---------------+-------------------+-----
Short Blades   | 2 3 4 |  4.8
Dodging        | 1 2 3 |  3.1
Shields        | 1 2 |  2.5
Fighting       | 3 |  3.5
Throwing       | |  1.7
Stealth        | |  3.6

Action                   |  1- 3 |  4- 6 |  7- 9 || total
-------------------------+-------+-------+-------++-------
Melee: Dagger            |   144 |   102 |       ||   246
       Punch             |     2 |       |       ||     2
       Headbutt          |    18 |    22 |       ||    40
Evoke: Wand              |       |     4 |     3 ||     7
  Use: Potion            |       |     1 |     1 ||     2
 Stab: Sleeping          |    10 |     5 |       ||    15
       Invisible         |       |     1 |       ||     1
Armor: Robe              |    37 |    21 |       ||    58
Dodge: Dodged            |    64 |    41 |     1 ||   106
Block: Other             |    19 |     5 |       ||    24
       Buckler           |       |    27 |       ||    27
